 Dungeon Crawl Stone Soup version 0.26-a0-284-g73c0fb6129 (webtiles) character file.

Game seed: 17034115525213093056

578246 Misa the Conqueror (level 27, -2/298 HPs)
             Began as a Gargoyle Berserker on July 13, 2020.
             Was the Champion of the Shining One.
             Slain by a stone giant (41 damage)
             ... created by the rage of Trog
             ... on level 1 of Tartarus.
             The game lasted 06:02:03 (96470 turns).

Misa the Conqueror (Gargoyle Berserker)            Turns: 96470, Time: 06:02:04

Health: -2/298     AC: 49    Str: 37    XL:     27
Magic:  30/30      EV: 17    Int:  8    God:    the Shining One [******]
Gold:   5725       SH:  0    Dex: 15    Spells: 26/26 levels left

rFire    + + .     SeeInvis +   A - +9 executioner's axe (holy)
rCold    + . .     Faith    .   (shield currently unavailable)
rNeg     + + +     Spirit   .   z - +2 plate armour {rF+}
rPois    ∞         Reflect  .   B - +2 hat {MR+}
rElec    +         Harm     .   L - scarf {rC+ rF+}
rCorr    .                      I - +0 pair of gloves "Daxzob" {Str+3 Dex+3 SInv}
MR       +++++                  W - +2 pair of boots
Stlth    ..........             M - amulet "Ederur" {RegenMP Fragile MR+++ Dex+3}
HPRegen  0.59/turn              c - +4 ring of slaying
MPRegen  0.47/turn              S - +4 ring of slaying

@: berserking, flying, glowing, very quick
A: big wings, negative energy resistance 1, electricity resistance, unbreathing,
petrification resistance, rot immunity, AC +20
}: 2/15 runes: serpentine, barnacled
a: Stop Flying, Divine Shield, Cleansing Flame, Summon Divine Warrior, Renounce
Religion


You were on level 1 of Tartarus.
You worshipped the Shining One.
The Shining One was exalted by your worship.
You visited 12 branches of the dungeon, and saw 50 of its levels.
You visited the Abyss 1 time.
You also visited: Ossuary, Bailey, Gauntlet and Wizlab.

You collected 10220 gold pieces.
You spent 4495 gold pieces at shops.

Inventory:

Hand Weapons
 a - a +1 antimagic executioner's axe
 r - a +5 battleaxe of flaming
 A - a +9 executioner's axe of holy wrath (weapon)
 N - a +4 long sword of distortion
Armour
 l - a scarf of repulsion
 z - a +2 plate armour of fire resistance (worn)
 B - a +2 hat of magic resistance (worn)
 I - the +0 pair of gloves "Daxzob" (worn) {Str+3 Dex+3 SInv}
   (You found it on level 3 of the Lair of Beasts)

   It affects your strength (+3).
   It affects your dexterity (+3).
   It lets you see invisible.
 L - a scarf of resistance (worn)
 W - a +2 pair of boots (worn)
Jewellery
 c - a +4 ring of slaying (left hand)
 h - a +4 ring of protection
 q - the amulet "Niskuar" {RegenMP MR++ Dex+2}
   (You bought it in a shop on level 2 of the Orcish Mines)

   [amulet of magic regeneration]

   It increases your magic regeneration.
   It affects your dexterity (+2).
   It affects your resistance to hostile enchantments.
 v - an uncursed ring of resist corrosion
 y - the ring "Inonymmi" {MP+9 Str+6 Dex+3}
   (You found it on level 1 of the Vaults)

   [ring of strength]

   It affects your strength (+6).
   It affects your dexterity (+3).
   It affects your magic capacity (+9).
 J - the ring "Dedenwent" {MP+9 Dex+3}
   (You took it off a skeletal warrior on level 3 of the Crypt)

   [ring of magical power]

   It affects your dexterity (+3).
   It affects your magic capacity (+9).
 K - an uncursed amulet of regeneration
 M - the amulet "Ederur" (around neck) {RegenMP Fragile MR+++ Dex+3}
   (You bought it in a shop on level 2 of the Orcish Mines)

   [amulet of magic regeneration]

   It increases your magic regeneration.
   It affects your dexterity (+3).
   It affects your resistance to hostile enchantments.
   It will be destroyed if unequipped.
 S - a +4 ring of slaying (right hand)
Wands
 e - a wand of iceblast (6)
 w - a wand of paralysis (9)
 F - a wand of disintegration (12)
 H - a wand of flame (17)
 O - a wand of digging (43)
 R - a wand of polymorph (44)
Scrolls
 b - 18 scrolls of identify
 f - 30 scrolls of teleportation
 g - 7 scrolls of noise
 o - 2 scrolls of brand weapon
 s - 4 scrolls of enchant weapon
 t - 30 scrolls of remove curse
 u - 6 scrolls of fear
 C - 8 scrolls of magic mapping
 D - 7 scrolls of blinking
 G - 12 scrolls of enchant armour
 P - 2 scrolls of holy word
 V - 3 scrolls of summoning
 Y - 4 scrolls of fog
Potions
 d - 5 potions of ambrosia
 i - 9 potions of heal wounds
 j - 24 potions of curing
 k - 6 potions of haste
 m - 5 potions of cancellation
 n - 3 potions of berserk rage
 p - 2 potions of magic
 x - 3 potions of resistance
 E - 6 potions of might


   Skills:
 O Level 27 Fighting
 + Level 26.7 Axes
 + Level 20.1 Armour
 + Level 13.1 Dodging
 + Level 9.6 Invocations


You had 26 spell levels left.
You didn't know any spells.
Your spell library contained the following spells:

 Spells                   Type           Power        Failure   Level
 Blink                    Tloc           N/A          91%         2
 Shroud of Golubria       Chrm/Tloc      #.....       91%         2
 Gell's Gravitas          Tloc           #.........   99%         3
 Lesser Beckoning         Tloc           #.........   99%         3
 Teleport Other           Tloc           #.......     99%         3
 Vampiric Draining        Necr           #.........   99%         3
 Dispel Undead            Necr           #.......     100%        4
 Passage of Golubria      Tloc           N/A          100%        4
 Borgnjor's Vile Clutch   Necr/Erth      #.........   100%        5
 Death Channel            Necr           #.........   100%        6
 Simulacrum               Ice/Necr       #.........   100%        6
 Borgnjor's Revivificati  Necr           #.........   100%        8


Dungeon Overview and Level Annotations

Branches:
Dungeon (15/15)            Temple (0/1) D:5            Lair (6/6) D:10
 Shoals (4/4) Lair:3        Snake (4/4) Lair:2        Slime (0/5) Lair:6
    Orc (2/2) D:11            Elf (3/3) Orc:2        Vaults (4/5) D:13
  Crypt (3/3) Vaults:2       Tomb (2/3) Crypt:3      Depths (5/5) D:15
   Hell (visited)             Dis (0/7) Hell            Geh (0/7) Hell
    Coc (0/7) Hell            Tar (1/7) Hell            Zot (0/5) Depths:5
Ossuary (visited)          Bailey (visited)          WizLab (visited)
Gauntlet (visited)

Altars:
Ashenzari
Cheibriados
Dithmenos
Gozag
Kikubaaqudgha
Nemelex Xobeh
Okawaru
Qazlal
Ru
Sif Muna
Trog
Vehumet
Wu Jian
Xom
The Shining One
Beogh
Jiyva

Shops:
D:8 !   D:12 !   Orc:1 [   Orc:2 =(*[   Elf:2 (   Elf:3 (   Vaults:1 *
Depths:1 (   Depths:3 *   Depths:4 =

Portals:
Hell: Depths:1 Depths:2 Depths:3 Depths:4 Depths:5
Abyss: Depths:3 Depths:4
Pandemonium: Depths:3 Depths:5
Ziggurat: Depths:4

Annotations:
D:13 trap
Vaults:4 exclusion: 4 downstairs


Innate Abilities, Weirdness & Mutations

You are resistant to torment.
Your stone body is resilient. (AC +20)
You are immune to poison.
Your large and strong wings let you fly indefinitely.
You resist negative energy. (rN+)
You are resistant to electric shocks. (rElec)
You can survive without breathing.
You are immune to petrification.
You are immune to rotting.


Message History

You hear a shout!
The stone giant completely misses you.
The two-headed ogre rages.
The stone giant hits you!!!
* * * LOW HITPOINT WARNING * * *
You feel much better.
The stone giant hits you but does no damage.
The stone giant hits you!!
* * * LOW HITPOINT WARNING * * *
The stone giant misses you.
A red film seems to cover your vision as you go berserk!
You feel yourself moving faster!
You feel mighty! The stone giant closely misses you.
The cyclops hits you but does no damage.
The stone giant barely misses you. The stone giant hits you!
* * * LOW HITPOINT WARNING * * *
You open the stone giant like a pillowcase!!!
The stone giant is almost dead.
You slice the stone giant!! You slash the cyclops! The stone giant hits you!!!
You die...

##.###.........
#...#.#.#.#.#.
#...#########
#......#...
#..........
####...######
#..#hOC#
#..#.h.#
#.@#..##.##
#CCCO.......
#............
#..#.........
#####...#####
#..... #.#.#..
#######.


You could see 2 stone giants, a two-headed ogre (berserk) and a cyclops
(berserk).

Vanquished Creatures
  Mara (Depths:3)
  4 ancient liches
  A juggernaut (Depths:5)
  Sojobo (Depths:2)
  3 greater mummies (Tomb:2)
  Margery (Depths:4)
  Saint Roka (Snake:3)
  Geryon (Hell)
  A caustic shrike (Depths:3)
  A golden dragon (Depths:2)
  Nikola (Snake:3)
  A Tzitzimitl (Tar:1)
  2 bone dragons
  3 tentacled monstrosities
  A hellephant (Hell)
  2 quicksilver dragons
  A titan (Depths:1)
  2 deep elf blademasters (Elf:2)
  2 deep elf master archers (Elf:3)
  Asterion (Snake:3)
  9 liches
  10 sphinxes
  Polyphemus (Shoals:2)
  An eldritch tentacle (WizLab)
  Frances (Snake:2)
  4 tentacled starspawn
  Gastronok (Lair:2)
  Donald (Snake:2)
  2 ancient champions (Tomb:2)
  3 tengu reavers
  2 storm dragons
  2 revenants
  9 nagarajas
  9 fire giants
  9 frost giants
  A shadow dragon (Depths:5)
  4 vault wardens
  2 balrugs
  A draconian knight (Depths:5)
  An orc warlord (Orc:2)
  6 deep elf sorcerers (Elf:3)
  Aizul (Snake:4)
  4 deep elf elementalists
  Louise (Depths:3)
  A juggernaut zombie (Hell)
  4 ghouls (Crypt:1)
  9 ironheart preservers
  28 stone giants
  A draconian shifter (Depths:5)
  6 reapers (Hell)
  13 vampire knights
  30 very ugly things
  4 war gargoyles (Crypt:3)
  8 bennus (Tomb:2)
  The ghost of Tutankhamun the Spear-Bearer, a journeyman VSBe of Trog (Orc:2)
  A green draconian (Depths:5)
  A black draconian (Depths:5)
  3 deep elf demonologists
  A minotaur (Gauntlet)
  13 deep elf annihilators
  A red draconian (Depths:5)
  2 yellow draconians
  4 spark wasps
  Azrael (Snake:3)
  3 white draconians
  A blizzard demon (Depths:5)
  7 deep elf death magi
  8 ettins
  2 eidola (Crypt:2)
  4 crystal guardians
  An ettin (shapeshifter) (Depths:5)
  3 merfolk impalers
  4 merfolk javelineers
  2 quicksilver dragon zombies
  A deep elf high priest (Elf:2)
  13 mummy priests
  10 yaktaur captains
  12 fire dragons
  13 jiangshi
  A monstrous demonspawn (Depths:5)
  7 rakshasas
  6 vault guards
  13 naga warriors
  Harold (D:11)
  2 alligator snapping turtles (Shoals:4)
  17 ice dragons
  8 centaur warriors
  8 great orbs of eyes
  7 hydras
  4 spriggan air magi
  2 catoblepae
  3 merfolk avatars
  4 death knights
  21 anacondas
  37 two-headed ogres
  8 ogre magi
  7 merfolk aquamancers
  5 satyrs
  8 vampire magi
  5 hell hogs (Hell)
  35 dancing weapons
  6 tengu warriors
  3 titan zombies
  22 death scarabs
  7 deep troll earth magi
  A thrashing horror (WizLab)
  14 naga sharpshooters
  3 death yaks (Shoals:2)
  8 deep troll shamans
  4 orc high priests (Orc:2)
  21 deep elf knights
  9 shock serpents
  2 spriggans (Depths:3)
  8 soul eaters
  8 spriggan berserkers
  5 sun demons
  2 shadow wraiths
  A fire crab (shapeshifter) (Depths:3)
  Nergalle (Lair:2)
  3 golden dragon zombies (Crypt:3)
  35 hell knights
  A salamander mystic (Snake:2)
  A storm dragon skeleton (Crypt:1)
  An unseen horror (D:10)
  7 sea snakes
  A death drake (shapeshifter) (Vaults:1)
  A glowing orange brain (Depths:3)
  5 iron trolls
  18 deep trolls
  22 skeletal warriors
  10 naga ritualists
  2 anaconda skeletons
  A death drake (Tar:1)
  A shadow demon (WizLab)
  3 flayed ghosts
  3 anaconda zombies
  2 large abominations (Gauntlet)
  9 wizards
  2 torturous demonspawn (Depths:3)
  A shadow dragon zombie (Hell)
  A swamp dragon (Lair:6)
  4 phantasmal warriors
  10 ironbrand convokers
  15 orc knights
  20 harpies
  13 necromancers
  5 oklob plants
  17 deep elf archers
  2 tengu zombies
  An obsidian statue (WizLab)
  12 mana vipers
  A mana viper (shapeshifter) (Elf:1)
  3 wolf spiders
  10 orc sorcerers
  3 frost giant zombies
  73 deep elf magi
  11 fauns
  23 cyclopes
  10 salamanders
  An iron dragon skeleton (Tomb:2)
  15 manticores
  A stone giant zombie (Crypt:3)
  67 ugly things
  3 worldbinders
  4 centaur zombies
  10 vault sentinels
  A frost giant skeleton (Crypt:3)
  19 elephants
  2 guardian serpents (shapeshifter)
  10 merfolk sirens
  A demonspawn skeleton (WizLab)
  A dire elephant zombie (Crypt:3)
  3 gargoyles
  A rust devil (Gauntlet)
  34 black mambas
  12 cane toads
  A human skeleton (Vaults:4)
  3 water nymphs
  2 torpor snails (Lair:6)
  24 naga magi
  A hellion (Depths:3)
  17 guardian serpents
  5 orange demons
  A komodo dragon (shapeshifter) (Vaults:3)
  A dire elephant skeleton (Crypt:1)
  2 smoke demons (Hell)
  2 efreet
  A yaktaur zombie (Hell)
  5 komodo dragons
  39 yaktaurs
  An elephant slug zombie (Crypt:2)
  4 rime drakes
  3 tormentors (Tar:1)
  A red devil (Hell)
  3 tengu conjurers
  5 freezing wraiths
  4 hydra zombies
  15 guardian mummies
  3 ancient zymes
  A death yak skeleton (Crypt:1)
  A troll (shapeshifter) (Depths:3)
  12 ice devils
  22 merfolk
  A wolf spider simulacrum (Tomb:2)
  20 polar bears
  15 trolls
  A green draconian skeleton (Crypt:1)
  3 hornets
  5 wind drakes
  3 bog bodies (Crypt:1)
  20 hippogriffs
  5 snapping turtles
  25 blink frogs
  9 dream sheep (Lair:6)
  43 slime creatures
  An ice dragon zombie (Hell)
  2 elf zombies (Hell)
  5 starcursed masses (WizLab)
  4 raiju
  2 centaur simulacra
  2 stone giant simulacra
  2 hippogriffs (shapeshifter)
  An alligator skeleton (Hell)
  44 flying skulls
  Sigmund (D:2)
  2 ynoxinuls
  A meliai zombie (D:13)
  2 shadows
  13 wraiths
  An ettin skeleton (Crypt:3)
  2 hogs (D:9)
  A wind drake zombie (Crypt:1)
  28 water elementals
  An air elemental (WizLab)
  48 yaks
  6 basilisks
  A vampire (D:12)
  2 wyverns
  7 ushabtiu
  An ice dragon skeleton (Crypt:3)
  22 humans
  3 steam dragons
  18 fire elementals
  A hog (shapeshifter) (Vaults:4)
  A catoblepas simulacrum (Hell)
  7 vampire mosquitoes
  2 neqoxecs (Depths:5)
  A yak (shapeshifter) (D:14)
  A swamp worm (shapeshifter) (Elf:3)
  A human simulacrum (Vaults:2)
  11 wargs
  An insubstantial wisp (WizLab)
  4 spatial vortices (WizLab)
  62 nagas
  A cane toad zombie (Hell)
  3 acid dragons
  15 hell hounds
  A floating eye (Depths:2)
  A merfolk skeleton (Crypt:2)
  8 porcupines
  14 water moccasins
  A floating eye (shapeshifter) (Depths:3)
  3 swamp drakes (Lair:6)
  2 cane toad skeletons
  53 orc warriors
  3 sky beasts
  22 black bears
  12 ice beasts
  13 wolves (Lair:6)
  An eye of draining (D:10)
  3 phantoms
  An alligator simulacrum (Hell)
  8 necrophages
  A boggart (shapeshifter) (Abyss:3)
  A hornet zombie (D:14)
  21 centaurs
  2 snapping turtle zombies
  A boggart (WizLab)
  An elf skeleton (Vaults:4)
  An ogre (shapeshifter) (Elf:3)
  42 ogres
  2 snapping turtle skeletons
  2 big kobolds (D:11)
  10 crocodiles
  10 bullfrogs
  10 small abominations
  A gnoll sergeant (D:11)
  An earth elemental (Elf:3)
  8 scorpions
  3 spriggan zombies
  A yak zombie (Crypt:2)
  7 killer bees
  A snapping turtle simulacrum (Crypt:1)
  2 raiju skeletons
  23 wights
  A spriggan skeleton (Crypt:1)
  5 howler monkeys
  2 electric eels
  A wolf zombie (Crypt:2)
  A crimson imp (Depths:3)
  A bullfrog zombie (D:10)
  4 quasits
  28 orc priests
  9 hounds
  A jelly (D:11)
  Crazy Yiuf (D:2)
  3 centaur skeletons
  An iron imp (Gauntlet)
  27 orc wizards
  A bullfrog skeleton (D:4)
  Jessica (D:3)
  Terence (D:2)
  Natasha (twice) (D:2)
  5 iguanas
  4 worker ants
  A deep dwarf zombie (Crypt:2)
  A big kobold skeleton (Crypt:2)
  A hound zombie (D:11)
  A hound skeleton (D:6)
  30 mummies
  Robin (D:3)
  A worker ant zombie (D:9)
  6 adders
  4 gnolls
  4 shadow imps
  5 white imps
  4 ufetubi
  An ooze (D:5)
  2 adder skeletons
  5 adder zombies
  3 worms
  2 dart slugs (D:1)
  4 leopard geckos
  96 orcs
  A ball python (D:6)
  A bat skeleton (Crypt:2)
  6 giant cockroaches
  A gnoll zombie (Crypt:1)
  18 goblins
  11 hobgoblins
  11 jackals
  3 quokkas
  A ball python skeleton (Ossuary)
  4 bats
  6 frilled lizards
  2 hobgoblin skeletons
  22 kobolds
  A kobold zombie (Ossuary)
  An orc zombie (Ossuary)
  A quokka skeleton (D:4)
  5 rats
  2 bushes
  A demonic plant (Gauntlet)
  4 fungi
  10 plants
  2 starspawn tentacles
2559 creatures vanquished.

Vanquished Creatures (collateral kills)
  Agnes (D:14)
  A spriggan defender (Depths:1)
  A purple draconian (Depths:5)
  A centaur warrior (Vaults:3)
  Sonja (D:12)
  A naga sharpshooter (Snake:3)
  A deep elf knight (Elf:1)
  2 deep elf archers (Elf:1)
  2 deep elf magi (Elf:1)
  An orc knight (Bailey)
  An orc sorcerer (Elf:1)
  A vault sentinel (Vaults:3)
  3 orc warriors (Bailey)
  5 wights (D:5)
  An orc priest (Orc:2)
  2 worker ants
  A white imp (D:5)
  An orc (D:5)
  A leopard gecko skeleton (D:5)
28 creatures vanquished.

Vanquished Creatures (others)
  A dancing weapon (Elf:3)
  A merfolk aquamancer (Shoals:4)
  A deep elf mage (Elf:1)
  A guardian serpent (Snake:4)
  A gargoyle (D:15)
  13 fungi
  43 plants
  14 starspawn tentacles
75 creatures vanquished.

Grand Total: 2662 creatures vanquished

Notes
Turn   | Place    | Note
-------+----------+-------------------------------------------
     0 | D:1      | Misa the Gargoyle Berserker began the quest for the Orb.
     0 | D:1      | Reached XP level 1. HP: 14/14 MP: 1/1
   206 | D:1      | Reached XP level 2. HP: 19/19 MP: 2/2
   849 | D:1      | Reached XP level 3. HP: 22/24 MP: 3/3
  1193 | D:2      | Noticed Terence
  1209 | D:2      | Killed Terence
  1209 | D:2      | Reached skill level 4 in Fighting
  1209 | D:2      | Reached XP level 4. HP: 29/29 MP: 4/4
  1306 | D:2      | Noticed Sigmund
  1318 | D:2      | Killed Sigmund
  1318 | D:2      | Reached ** piety under Trog
  1318 | D:2      | Reached XP level 5. HP: 34/34 MP: 5/5
  1351 | D:2      | Found a stormy altar of Qazlal.
  1371 | D:2      | Found a sacrificial altar of Ru.
  1387 | D:2      | Reached XP level 6. HP: 40/40 MP: 6/6
  1479 | D:2      | Found a runed translucent door.
  1480 | D:2      | Noticed Crazy Yiuf
  1488 | D:2      | Killed Crazy Yiuf
  1488 | D:2      | Reached skill level 5 in Fighting
  1972 | D:2      | Noticed Natasha
  1980 | D:2      | Killed Natasha
  2043 | D:2      | Noticed Natasha
  2050 | D:2      | Killed Natasha
  2204 | D:2      | Found a shadowy altar of Dithmenos.
  2504 | D:3      | Noticed Jessica
  2524 | D:3      | Killed Jessica
  2663 | D:3      | Reached *** piety under Trog
  2772 | D:3      | Noticed Robin
  2786 | D:3      | Killed Robin
  2786 | D:3      | Reached XP level 7. HP: 41/44 MP: 7/7
  3012 | D:3      | Reached skill level 5 in Armour
  3284 | D:5      | Entered Level 5 of the Dungeon
  3352 | D:4      | Reached skill level 6 in Fighting
  3352 | D:4      | Reached skill level 5 in Axes
  4124 | D:5      | Reached **** piety under Trog
  4139 | D:5      | Reached XP level 8. HP: 47/52 MP: 8/8
  4538 | D:5      | Found a snail-covered altar of Cheibriados.
  4549 | D:5      | Reached skill level 7 in Fighting
  4591 | D:5      | Found a radiant altar of Vehumet.
  4597 | D:5      | Found an iron altar of Okawaru.
  4597 | D:5      | Found a shattered altar of Ashenzari.
  4597 | D:5      | Found a glowing golden altar of the Shining One.
  4598 | D:5      | Found an ornate altar of the Wu Jian Council.
  4674 | D:5      | Found a staircase to the Ecumenical Temple.
  4993 | D:6      | Found Zikk's Antique Armour Boutique.
  5054 | D:6      | Found an ancient bone altar of Kikubaaqudgha.
  5186 | D:6      | Got a masterwork flail
  5187 | D:6      | Identified the +1 flail of Evolution {speed, *Slow rPois
                  | MR++ Dex+3} (You found it on level 6 of the Dungeon)
  5451 | D:6      | Reached XP level 9. HP: 48/58 MP: 9/9
  5545 | D:6      | Found a sand-covered staircase.
  5550 | Ossuary  | Entered an ossuary
  5626 | Ossuary  | Reached skill level 8 in Fighting
  6879 | D:7      | Found a shimmering altar of Xom.
  6959 | D:7      | Reached skill level 9 in Fighting
  7130 | D:8      | Found a sparkling altar of Nemelex Xobeh.
  7167 | D:8      | Found a flagged portal.
  7602 | Bailey   | Entered a bailey
  7602 | Bailey   | Noticed an orc knight
  7602 | Bailey   | Noticed an orc knight
  7610 | Bailey   | Killed an orc knight
  7610 | Bailey   | Reached XP level 10. HP: 49/66 MP: 10/10
  8352 | Bailey   | Noticed an orc knight
  8373 | Bailey   | Killed an orc knight
  8476 | Bailey   | Killed an orc knight
  8476 | Bailey   | Reached skill level 10 in Fighting
  8609 | Bailey   | Reached skill level 10 in Armour
  8707 | D:8      | Found a bloodstained altar of Trog.
  8721 | D:8      | Found Jycvuomn's Distillery.
  8727 | D:8      | Found an opulent altar of Gozag.
  8729 | D:8      | Bought a potion of curing for 36 gold pieces
  8729 | D:8      | Bought a potion of resistance for 120 gold pieces
  9102 | D:9      | Found a shimmering blue altar of Sif Muna.
  9184 | D:9      | Reached ***** piety under Trog
  9446 | D:9      | Received a gift from Trog
  9446 | D:9      | Reached XP level 11. HP: 72/73 MP: 11/11
  9472 | D:9      | Reached skill level 11 in Fighting
  9778 | D:10     | Entered Level 10 of the Dungeon
 10185 | D:10     | Found a staircase to the Lair.
 10518 | D:10     | Killed an unseen horror
 10591 | D:10     | Reached skill level 10 in Axes
 10935 | D:11     | Noticed Harold
 11059 | D:11     | Killed Harold
 11211 | D:11     | Reached skill level 12 in Fighting
 11277 | D:11     | Found a staircase to the Orcish Mines.
 11282 | D:11     | Found a roughly hewn altar of Beogh.
 11720 | D:12     | Found Zahem's Distillery.
 11725 | D:12     | Bought a potion of heal wounds for 80 gold pieces
 11725 | D:12     | Bought 2 potions of degeneration for 32 gold pieces
 11725 | D:12     | Bought a potion of mutation for 128 gold pieces
 11782 | D:12     | Noticed a cyclops
 11798 | D:13     | Reached XP level 12. HP: 64/81 MP: 12/12
 12321 | D:12     | Noticed Sonja
 12581 | D:12     | Killed Sonja
 13135 | D:12     | Found a snail-covered altar of Cheibriados.
 13745 | D:13     | Noticed a tengu warrior
 13745 | D:13     | Noticed a tengu warrior
 13978 | D:13     | Killed a tengu warrior
 13978 | D:13     | Reached skill level 13 in Fighting
 13979 | D:13     | Killed a tengu warrior
 14056 | Orc:1    | Entered Level 1 of the Orcish Mines
 14056 | Orc:1    | Found Roych's Armour Shoppe.
 14061 | Orc:1    | Bought a +0 helmet for 63 gold pieces
 14072 | Orc:2    | Entered Level 2 of the Orcish Mines
 14115 | Orc:1    | Received a gift from Trog
 15242 | Orc:2    | Noticed Tutankhamun's ghost (journeyman VSBe)
 15252 | Orc:2    | Found a runed translucent gate.
 15252 | Orc:2    | Found a runed translucent gate.
 15252 | Orc:2    | Found a runed translucent gate.
 15631 | Orc:2    | Reached XP level 13. HP: 77/88 MP: 13/13
 16196 | Orc:2    | Noticed an orc warlord
 16230 | Orc:2    | Killed an orc warlord
 16674 | Orc:2    | Found a staircase to the Elven Halls.
 17100 | Orc:2    | Received a gift from Trog
 17309 | Orc:2    | Reached skill level 14 in Fighting
 17382 | Orc:2    | Found Ilynlamn's General Store.
 17383 | Orc:2    | Found Iseceew's Jewellery Emporium.
 17384 | Orc:2    | Found Yrint's Antique Armour Shoppe.
 17384 | Orc:2    | Found Woanoll's Antique Weapon Shoppe.
 17398 | Orc:2    | Bought a scroll of remove curse for 36 gold pieces
 17398 | Orc:2    | Bought a scroll of identify for 24 gold pieces
 17398 | Orc:2    | Bought a scroll of holy word for 90 gold pieces
 17398 | Orc:2    | Bought a potion of curing for 36 gold pieces
 17399 | Orc:2    | Bought the amulet "Niskuar" {RegenMP MR++ Dex+2} for 793
                  | gold pieces
 17399 | Orc:2    | Bought an uncursed ring of see invisible for 240 gold
                  | pieces
 17409 | Orc:2    | Bought a potion of lignification for 36 gold pieces
 18075 | Lair:1   | Entered Level 1 of the Lair of Beasts
 18369 | Lair:1   | You fall into a shaft and drop 1 floor!
 18370 | Lair:2   | Found a staircase to the Snake Pit.
 18399 | Lair:2   | Noticed Nergalle
 18413 | Lair:2   | Killed Nergalle
 18705 | Lair:1   | Received a gift from Trog
 19160 | Lair:2   | Noticed Gastronok
 19172 | Lair:2   | Killed Gastronok
 19172 | Lair:2   | Gained mutation: Your large and strong wings let you fly
                  | indefinitely. [Gargoyle growth]
 19172 | Lair:2   | Reached XP level 14. HP: 96/96 MP: 14/14
 20419 | Lair:3   | Got a pair of smoking gloves
 20420 | Lair:3   | Identified the +0 pair of gloves "Daxzob" {Str+3 Dex+3
                  | SInv} (You found it on level 3 of the Lair of Beasts)
 20437 | Lair:3   | Found a staircase to the Shoals.
 20519 | Lair:3   | Reached skill level 15 in Fighting
 21010 | Lair:4   | Found a gate leading to a gauntlet.
 21011 | Lair:4   | Found a frozen archway.
 21013 | Gauntlet | Entered a Gauntlet
 21013 | Gauntlet | Found a transporter.
 21013 | Gauntlet | Found a transporter.
 21017 | Gauntlet | Found a transporter.
 21017 | Gauntlet | Found a transporter.
 21020 | Gauntlet | Found a transporter.
 21116 | Gauntlet | Found a transporter.
 21135 | Gauntlet | Found a transporter.
 21157 | Gauntlet | Found a transporter.
 21161 | Gauntlet | Got a coiled platinum amulet
 21217 | Gauntlet | Identified the amulet of Feza {Spirit Dex+2 Stlth+} (You
                  | found it in a Gauntlet)
 21220 | Gauntlet | Found a transporter.
 21251 | Gauntlet | Found a transporter.
 21295 | Gauntlet | Reached skill level 15 in Armour
 21371 | Gauntlet | Found a transporter.
 21380 | Gauntlet | Found a transporter.
 21571 | Gauntlet | Found a transporter.
 21700 | Lair:4   | Reached ****** piety under Trog
 21971 | Lair:4   | Received a gift from Trog
 21988 | Lair:4   | Got a jewelled chain mail
 21989 | Lair:4   | Identified the cursed +0 chain mail of the Equinox {rCorr
                  | Stlth+} (You found it on level 4 of the Lair of Beasts)
 23274 | Lair:5   | Reached XP level 15. HP: 104/104 MP: 15/15
 23454 | Lair:5   | Got a twisted ring mail
 23455 | Lair:5   | Identified the +5 ring mail of Qaget {-Tele Int+2 Stlth+}
                  | (You found it on level 5 of the Lair of Beasts)
 23703 | Lair:6   | Entered Level 6 of the Lair of Beasts
 23785 | Lair:6   | Reached skill level 16 in Fighting
 24263 | Lair:6   | Found a staircase to the Slime Pits.
 24264 | Lair:6   | Found a viscous altar of Jiyva.
 24587 | Lair:6   | Received a gift from Trog
 25552 | Lair:6   | Received a gift from Trog
 26589 | Elf:1    | Entered Level 1 of the Elven Halls
 26980 | Elf:1    | Reached skill level 17 in Fighting
 27250 | Elf:1    | Reached XP level 16. HP: 65/112 MP: 16/16
 27484 | Elf:1    | Reached skill level 15 in Axes
 27571 | Elf:1    | Received a gift from Trog
 27875 | Elf:1    | Identified the Almanac of Confrontation
 29482 | D:14     | Reached skill level 18 in Fighting
 29760 | D:14     | Found a snail-covered altar of Cheibriados.
 29832 | D:14     | Noticed Agnes
 29838 | D:14     | Killed Agnes
 29904 | D:14     | Received a gift from Trog
 29909 | D:14     | Got an ancient battleaxe {god gift}
 29910 | D:14     | Identified the +3 battleaxe of Cruel Justice {flame,
                  | Fragile rC+ Dex+6 SInv} (Trog gifted it to you on level 14
                  | of the Dungeon)
 30551 | D:15     | Entered Level 15 of the Dungeon
 31759 | D:15     | Found a staircase to the Depths.
 31902 | D:15     | Reached XP level 17. HP: 120/120 MP: 17/17
 32156 | Depths:1 | Entered Level 1 of the Depths
 32156 | Depths:1 | Found a gateway to Hell.
 32308 | Depths:1 | Found Umoraf's Antique Weapon Emporium.
 32449 | Depths:1 | Received a gift from Trog
 32451 | Depths:1 | Reached skill level 19 in Fighting
 33011 | Depths:1 | Noticed a titan
 33017 | Depths:1 | Killed a titan
 33569 | Depths:1 | Noticed a quicksilver dragon
 33573 | Depths:1 | Killed a quicksilver dragon
 33700 | Depths:1 | You are sucked into a shaft and drop 1 floor!
 33701 | Depths:2 | Noticed a lich
 34364 | Snake:1  | Entered Level 1 of the Snake Pit
 34753 | Snake:1  | Reached skill level 20 in Fighting
 35216 | Snake:1  | Received a gift from Trog
 35564 | Snake:2  | Reached XP level 18. HP: 120/129 MP: 18/18
 35568 | Snake:2  | Noticed Donald
 35583 | Snake:2  | Killed Donald
 36441 | Snake:3  | Noticed Asterion
 36696 | Snake:2  | Noticed Frances
 36702 | Snake:2  | Killed Frances
 37590 | Snake:3  | Noticed Nikola
 37866 | Snake:3  | Noticed Saint Roka
 38405 | Snake:4  | Entered Level 4 of the Snake Pit
 38457 | Snake:3  | Reached skill level 21 in Fighting
 38969 | Snake:3  | Killed Nikola
 39101 | Snake:3  | Killed Asterion
 39406 | Snake:3  | Noticed Azrael
 39429 | Snake:3  | Killed Azrael
 39568 | Snake:3  | Received a gift from Trog
 39618 | Snake:4  | Noticed Aizul
 39632 | Snake:4  | Killed Aizul
 39876 | Snake:3  | Killed Saint Roka
 40310 | Snake:4  | Reached XP level 19. HP: 122/138 MP: 19/19
 40725 | Snake:4  | Received a gift from Trog
 40726 | Snake:4  | Got a masterwork battleaxe {god gift}
 40727 | Snake:4  | Identified the +2 battleaxe of Trog's Regard {flame, Str+3}
                  | (Trog gifted it to you on level 4 of the Snake Pit)
 41312 | Snake:4  | Reached skill level 22 in Fighting
 41319 | Snake:4  | Received a gift from Trog
 41330 | Snake:4  | Got a serpentine rune of Zot
 42818 | Elf:2    | Found Zuizul's Antique Weapon Boutique.
 42854 | Elf:3    | Entered Level 3 of the Elven Halls
 43024 | Elf:2    | Received a gift from Trog
 43431 | Elf:2    | Found a runed translucent door.
 43454 | Elf:2    | Found a runed translucent door.
 43559 | Elf:2    | Reached XP level 20. HP: 147/147 MP: 20/20
 43702 | Orc:2    | Killed Tutankhamun's ghost
 43917 | D:13     | Found a gate to the Vaults.
 44733 | Elf:2    | Received a gift from Trog
 44880 | Elf:2    | Reached skill level 23 in Fighting
 45181 | Elf:3    | Found Hunauxt's Antique Weapon Shop.
 45655 | Elf:3    | Identified 2 scrolls of acquirement
 45711 | Elf:2    | Acquired 2730 gold pieces
 45715 | Elf:2    | Acquired a manual of Axes
 45729 | Elf:3    | Identified the +10 war axe of Triumph {drain, +Rage}
 46843 | Elf:2    | Received a gift from Trog
 47130 | Elf:3    | Identified the cursed +1 quarterstaff of Sauzeume {vorpal,
                  | Str+2}
 47367 | Elf:3    | Identified the cursed +0 buckler of the Earth {Harm rF++}
 47704 | Elf:3    | Identified the +1 shortbow "Okud" {freeze, rF- MR+++ Int+6
                  | Stlth-}
 47929 | Elf:3    | Identified Luisit's Volume of Displacement
 48435 | Shoals:1 | Entered Level 1 of the Shoals
 48742 | Shoals:1 | Reached XP level 21. HP: 100/153 MP: 16/21
 48928 | Shoals:1 | Received a gift from Trog
 49804 | Shoals:2 | Noticed Polyphemus
 49818 | Shoals:2 | Killed Polyphemus
 50692 | Shoals:4 | Entered Level 4 of the Shoals
 51132 | Shoals:3 | Found a radiant altar of Vehumet.
 51482 | Shoals:4 | Received a gift from Trog
 51779 | Shoals:4 | Identified the cursed +2 hand crossbow of Gozag's Favour
                  | {penet, rPois MP+9 Stlth+}
 52561 | Shoals:4 | Received a gift from Trog
 53293 | Shoals:4 | Got a barnacled rune of Zot
 54208 | Orc:2    | Bought the amulet "Ederur" {RegenMP Fragile MR+++ Dex+3}
                  | for 782 gold pieces
 54971 | Depths:3 | Reached skill level 24 in Fighting
 55036 | Depths:3 | Received a gift from Trog
 55168 | Depths:2 | Reached XP level 22. HP: 130/161 MP: 22/22
 55175 | Depths:2 | Paralysed by a floating eye for 3 turns
 55892 | Depths:2 | Received a gift from Trog
 56761 | Depths:3 | Noticed Mara
 56929 | Depths:3 | Killed Mara
 57276 | Depths:3 | Received a gift from Trog
 57473 | Depths:3 | Found a one-way gate leading to the halls of Pandemonium.
 57924 | Depths:4 | Reached skill level 25 in Fighting
 58592 | Depths:4 | Found a one-way gate to the infinite horrors of the Abyss.
 58748 | Depths:3 | Found Wackuh Jiu's Assorted Antiques.
 58751 | Depths:3 | Bought a scroll of remove curse for 114 gold pieces
 58751 | Depths:3 | Bought a scroll of remove curse for 114 gold pieces
 58751 | Depths:3 | Bought a coral ring for 190 gold pieces
 58772 | Depths:3 | Noticed Louise
 58801 | Depths:3 | Killed Louise
 58884 | Depths:3 | Noticed Sojobo
 59030 | Depths:2 | Killed Sojobo
 59103 | Depths:3 | Reached XP level 23. HP: 129/170 MP: 21/23
 59245 | Depths:3 | Noticed a golden dragon
 59298 | Depths:2 | Killed a golden dragon
 59325 | Depths:3 | Noticed a caustic shrike
 59386 | Depths:3 | Killed a caustic shrike
 60223 | Orc:2    | Bought a faintly humming leather armour for 259 gold pieces
 60224 | Orc:2    | Identified the +3 leather armour of Wrong Decisions {Int+2}
                  | (You bought it in a shop on level 2 of the Orcish Mines)
 60677 | Depths:5 | Entered Level 5 of the Depths
 60677 | Depths:5 | Noticed a juggernaut
 61434 | Depths:4 | Noticed Margery
 61678 | Depths:4 | Found Amoejifo's Jewellery Shop.
 62667 | Depths:4 | Killed Margery
 63045 | Depths:4 | Found a gateway to a ziggurat.
 63460 | Depths:4 | Received a gift from Trog
 63460 | Depths:4 | Reached skill level 26 in Fighting
 63699 | Depths:5 | Killed a juggernaut
 64570 | Depths:5 | Reached XP level 24. HP: 164/179 MP: 23/23
 65586 | Depths:5 | Cast into level 3 of the Abyss (yellow draconian knight)
 65586 | Abyss:3  | Found a corrupted altar of Lugonu.
 65805 | Depths:5 | Escaped the Abyss
 65929 | Depths:5 | Received a gift from Trog
 66160 | Depths:5 | Found a gate to the Realm of Zot.
 66640 | Vaults:1 | Entered Level 1 of the Vaults
 67286 | Vaults:2 | Reached skill level 27 in Fighting
 67384 | Vaults:2 | Received a gift from Trog
 67423 | Vaults:2 | Found a staircase to the Crypt.
 68557 | Vaults:3 | Received a gift from Trog
 68864 | Vaults:3 | Identified the +3 dagger of Qocwobrafi {vorpal, rPois}
 68954 | Vaults:3 | Reached XP level 25. HP: 164/187 MP: 23/23
 69894 | Vaults:4 | Received a gift from Trog
 70019 | Vaults:4 | Reached skill level 5 in Dodging
 70056 | Vaults:4 | Acquired 450 gold pieces
 70215 | Vaults:4 | Found a magical portal.
 70224 | WizLab   | Entered The Roulette of Golubria
 70224 | WizLab   | Found a transporter.
 70240 | WizLab   | Found a corrupted altar of Lugonu.
 70264 | WizLab   | Found a transporter.
 70270 | WizLab   | Found a transporter.
 70298 | WizLab   | Found a transporter.
 70354 | WizLab   | Found a transporter.
 70374 | WizLab   | Found a transporter.
 70402 | WizLab   | Found a transporter.
 70492 | WizLab   | Found a transporter.
 70560 | WizLab   | Found a transporter.
 70561 | WizLab   | Found the +1 cloak of Starlight {rElec rC+ EV+4 Stlth--}
 70577 | WizLab   | Found a transporter.
 70635 | WizLab   | Found a transporter.
 70718 | WizLab   | Received a gift from Trog
 70831 | WizLab   | Found a transporter.
 70831 | WizLab   | Found a transporter.
 70920 | WizLab   | Found a transporter.
 70920 | WizLab   | Found a transporter.
 71046 | WizLab   | Found a transporter.
 71046 | WizLab   | Found a transporter.
 71091 | WizLab   | Found a transporter.
 71120 | WizLab   | Found a transporter.
 71120 | WizLab   | Found a transporter.
 71383 | WizLab   | Got a dazzling cloak
 71386 | WizLab   | Identified the +1 cloak "Uhonow" {rC+ Int+2} (You found it
                  | in a wizard's laboratory)
 71445 | WizLab   | Got a transparent cloak
 71448 | WizLab   | Identified the +0 cloak of Xacsoc {rPois rC- MR+++ rCorr}
                  | (You found it in a wizard's laboratory)
 72853 | D:8      | Bought 2 potions of haste for 240 gold pieces
 72853 | D:8      | Bought a potion of might for 48 gold pieces
 72853 | D:8      | Bought a potion of berserk rage for 60 gold pieces
 72961 | D:12     | Bought a potion of might for 64 gold pieces
 72961 | D:12     | Bought 2 potions of curing for 96 gold pieces
 72961 | D:12     | Bought a potion of curing for 48 gold pieces
 72961 | D:12     | Bought a potion of curing for 48 gold pieces
 72961 | D:12     | Bought a potion of might for 64 gold pieces
 72961 | D:12     | Bought a potion of cancellation for 128 gold pieces
 73106 | D:5      | Fell from the grace of Trog
 73106 | D:5      | Became a worshipper of the Shining One
 78264 | Crypt:1  | Entered Level 1 of the Crypt
 78381 | Vaults:1 | Found Mijym's Assorted Antiques.
 78387 | Vaults:1 | Bought a potion of haste for 270 gold pieces
 78387 | Vaults:1 | Bought a shiny helmet for 202 gold pieces
 78387 | Vaults:1 | Bought a scroll of identify for 54 gold pieces
 78751 | Vaults:1 | Paralysed by Trog for 4 turns
 86450 | Vaults:1 | Reached skill level 10 in Dodging
 86486 | Vaults:1 | Paralysed by Trog for 7 turns
 86540 | Vaults:1 | Got a warped golden ring
 86541 | Vaults:1 | Identified the ring "Inonymmi" {MP+9 Str+6 Dex+3} (You
                  | found it on level 1 of the Vaults)
 87125 | Crypt:1  | Reached * piety under the Shining One
 87187 | Crypt:1  | Reached ** piety under the Shining One
 87365 | Crypt:1  | Reached *** piety under the Shining One
 87482 | Crypt:1  | Reached **** piety under the Shining One
 88399 | Crypt:2  | Reached XP level 26. HP: 193/193 MP: 23/23
 88406 | Crypt:2  | Reached ***** piety under the Shining One
 89191 | Crypt:3  | Entered Level 3 of the Crypt
 89460 | Crypt:3  | Reached ****** piety under the Shining One
 89616 | Crypt:3  | Identified a +9 executioner's axe of holy wrath (a +9
                  | vorpal executioner's axe blessed by the Shining One)
 89616 | Crypt:3  | Received a gift from the Shining One
 92190 | Crypt:3  | Reached skill level 1 in Invocations
 92316 | Crypt:3  | Found a staircase to the Tomb.
 92390 | Crypt:3  | Identified the ring "Dedenwent" {MP+9 Dex+3}
 92399 | Crypt:3  | Noticed an ancient lich
 92406 | Crypt:3  | Killed an ancient lich
 92418 | Crypt:3  | Found an ancient bone altar of Kikubaaqudgha.
 92549 | Crypt:3  | Identified the Tome of Darkness
 93086 | Tomb:1   | Entered Level 1 of the Tomb of the Ancients
 93612 | Tomb:1   | Reached skill level 5 in Invocations
 93885 | Tomb:1   | Noticed an ancient lich
 93889 | Tomb:1   | Killed an ancient lich
 93954 | Tomb:1   | Noticed an ancient lich
 93959 | Tomb:1   | Killed an ancient lich
 94296 | Tomb:2   | Noticed a greater mummy
 94296 | Tomb:2   | Noticed a greater mummy
 94318 | Tomb:2   | Noticed a greater mummy
 94321 | Tomb:2   | Killed a greater mummy
 94325 | Tomb:2   | Noticed an ancient lich
 94325 | Tomb:2   | Reached XP level 27. HP: 136/199 MP: 28/28
 94330 | Tomb:2   | Killed an ancient lich
 94340 | Tomb:2   | Killed a greater mummy
 94359 | Tomb:2   | Killed a greater mummy
 95509 | Hell     | Entered the Vestibule of Hell
 95509 | Hell     | Noticed Geryon
 95549 | Hell     | Killed Geryon
 95899 | Depths:1 | Paralysed by Trog for 2 turns
 96020 | Hell     | Found a gateway to the freezing wastes of Cocytus.
 96110 | Hell     | Found a gateway to the Iron City of Dis.
 96210 | Hell     | Found a gateway to the decaying netherworld of Tartarus.
 96246 | Hell     | Found a gateway to the ashen valley of Gehenna.
 96335 | Tar:1    | Entered Level 1 of Tartarus
 96470 | Tar:1    | Slain by a stone giant

Illustrated notes

Levels and vault maps discovered:
D:1:      dpeg_arrival_pits, layout_basic, minmay_misc_feat_columns
D:2:      minmay_razor_zed, layout_loops_ring, marbit_many_paths,
          chequers_temple_overflow_statue_of_worship, lemuel_old_faithful,
          uniq_natasha, uniq_terence, uniq_crazy_yiuf_cottage, uniq_sigmund
D:3:      layout_basic, uniq_jessica, uniq_robin
D:4:      layout_basic, st_stairs_6
D:5:      layout_basic, minitemple, minmay_temple_entry_gardened_gates,
          minmay_misc_feat_enclosed
D:6:      layout_basic, lemuel_doored_altar, serial_shops, nicolae_shop_trees,
          enter_ossuary_2
D:7:      layout_basic, lemuel_crystal_altar
D:8:      layout_rooms, lemuel_round_altar, lemuel_crystal_altar,
          enter_bailey_3, serial_undead, serial_undead_b, serial_undead_c,
          serial_undead_c, serial_undead_b, basic_altar, serial_shops,
          shop_fountains, minmay_misc_feat_pillars
D:9:      layout_cave_pools, basic_altar, grunt_livestock
D:10:     layout_roguey, erik_lair_orcish_takeover, small_chamber_with_monster
D:11:     layout_rooms, minmay_orc_entry_temple_small, uniq_harold
D:12:     layout_small_grid, serial_shops, shop, cheibriados_altar_1, uniq_sonja
D:13:     layout_roguey, grunt_vaults_entry_tiered, grunt_ministairs_7,
          kennysheep_generic_room_3
D:14:     layout_long_grid, basic_altar, uniq_agnes
D:15:     grunt_enter_depths_snipers, layout_rooms, minmay_misc_feat_square
Lair:1:   layout_chaotic_city, serial_bayou_shore_b
Lair:2:   minmay_lair_oklob_tunnel, layout_cave_pods, dummy_snake_entry,
          uniq_gastronok, uniq_nergalle
Lair:3:   layout_cave_shapes, minmay_shoals_entry_hut, minivault_26
Lair:4:   layout_regular_city, portal_ice_cave_entry_ice_beasts,
          gauntlet_entry_generic, grunt_megastairs_5
Lair:5:   layout_gridlike, chequers_serial_rivers_small_b, lemuel_fruit_tree,
          grunt_megastairs_4
Lair:6:   hangedman_lair_caniforms_friends, layout_small_grid,
          guppyfry_lair_end_dragon, slime_altar_1,
          chequers_serial_rivers_micro_c
Shoals:1: layout_shoals, abandoned_shop
Shoals:2: layout_shoals, uniq_polyphemus
Shoals:3: layout_shoals, lemuel_oklob_altar
Shoals:4: shoals_end_grunt_garden, layout_shoals
Snake:1:  layout_grid_shapes
Snake:2:  layout_onion, evilmike_ambush [evilmike_ambush_outer_basic,
          evilmike_ambush_inner_basic], uniq_donald, uniq_frances
Snake:3:  layout_cave_town, nicolae_snake_shapes, serial_bayou_shore_b,
          uniq_asterion, uniq_saint_roka, uniq_nikola, uniq_azrael
Snake:4:  grunt_snake_rune_serpentine_throne, layout_gridlike, uniq_aizul
Orc:1:    layout_caves, serial_shops, nicolae_shop_statue_plus
Orc:2:    st_orc_congregation, layout_diamond_mine, gammafunk_ghost_split
Elf:1:    layout_loops_ring, minmay_elf_annihilation, grunt_megastairs_2
Elf:2:    layout_geoelf_octagon, serial_shops, nicolae_shop_crystal
Elf:3:    grunt_elf_hall_branching, layout_rooms, serial_shops,
          nicolae_shop_trees
Vaults:1: nicolae_vaults_little_squares_6, nicolae_vaults_specimen_jars,
          nicolae_vaults_big_angled_halls, v_misc_23, grunt_vaults_diagonal,
          ontoclasm_vaults_twist, nicolae_vaults_little_ls,
          nicolae_vaults_little_squares_4, vaults_room_ringed_pool,
          hangedman_vaults_nails, layout_vaults_chaotic_city, serial_shops,
          nicolae_shop_statue_plus
Vaults:2: minmay_crypt_entry_simple_corners, vaults_room_pool,
          grunt_vaults_hallway_short, nicolae_vaults_ninety_degrees,
          v_alt_pattern_5, nicolae_vaults_little_squares_2, v_rooms_5,
          ontoclasm_vaults_hangar, v_misc_22, serial_ice_g,
          hangedman_vaults_river_flow, layout_vaults_big_cross
Vaults:3: vaults_standard_mumra_lines, nicolae_vaults_bisected_exclaves,
          grunt_vaults_focal, grunt_vaults_hallway_short, st_cross,
          vaults_room_stairs_pillars, dpeg_vaults_monster_box,
          nicolae_vaults_mini_display_case, ontoclasm_vaults_eye,
          layout_vaults_omnigrid
Vaults:4: vaults_room_boxed, nicolae_vaults_big_angled_halls,
          nicolae_vaults_back_hallway, v_misc_25, vaults_room_large_hall,
          v_misc_28, v_misc_26, vaults_dpeg_encased_lava,
          nicolae_vaults_windows_and_doors_thing, layout_vaults_maze,
          infiniplex_enter_wizlab_water
Crypt:1:  layout_misc_corridors, grunt_crypt_arrival_webbed
Crypt:2:  layout_gridlike, serial_glass, glass_columns_a, glass_columns_b,
          glass_columns_a, glass_columns_a, minmay_misc_feat_alley
Crypt:3:  cryptofortress_bobbens
Tomb:1
Tomb:2
Depths:1: layout_cave_pools, hell_entry, serial_shops, kennysheep_little_box,
          minmay_evil_grid
Depths:2: minmay_tri_stars, layout_cave_pools, hangedman_decor_points,
          hell_entry, infiniplex_staircase_diamond
Depths:3: cheibrodos_salmonella, layout_cross, serial_shops,
          kennysheep_mini_moat, hell_entry, grunt_pan_entry_in_and_out,
          nicolae_abyss_entry_one_way_or_another,
          minmay_staircase_windowed_small, uniq_sojobo, uniq_mara
Depths:4: nooodl_glass_maze, layout_honeycomb, enter_ziggurat_b, abyss_entry,
          solitary_fountain, serial_shops, shop_fountains, hell_entry,
          uniq_margery
Depths:5: grunt_zot_entry_tricorne, layout_cave_pools,
          minmay_misc_feat_four_crosses, rand_demon_pan_entry_9, hell_entry
Hell
Tar:1:    layout_grid_maze

Skill      XL: |  1  2  3  4  5  6  7  8  9 10 11 12 13 14 15 16 17 18 19 20 21 22 23 24 25 26 27 |
---------------+----------------------------------------------------------------------------------+-----
Axes           | 3 4 5 6 7 9 10 11 12 13 14 16 17 18 19 22 23 24 25 26 | 26.7
Fighting       | 4 5 6 7 9 10 12 13 14 15 17 18 20 21 22 23 24 25 26 27 | 27.0
Armour         | 3 4 5 7 9 10 11 13 14 15 16 17 18 19 20 | 20.1
Dodging        | 10 12 13 | 13.1
Invocations    | 6 9 |  9.6

Action                   |  1- 3 |  4- 6 |  7- 9 | 10-12 | 13-15 | 16-18 | 19-21 | 22-24 | 25-27 || total
-------------------------+-------+-------+-------+-------+-------+-------+-------+-------+-------++-------
Melee: Hand axe          |    88 |   182 |   573 |   917 |   180 |       |       |       |       ||  1940
       Halberd           |       |       |       |    50 |       |       |       |       |       ||    50
       Battleaxe         |       |       |       |       |   741 |       |       |       |       ||   741
       Executioner's axe |       |       |       |       |   109 |   869 |  1116 |   992 |  1084 ||  4170
 Fire: Arbalest          |       |       |       |    11 |       |       |       |       |       ||    11
Invok: Berserk           |     1 |     2 |     5 |     7 |     6 |    10 |     1 |     8 |       ||    40
       Brothers in Arms  |       |       |     2 |     1 |     1 |     6 |     1 |     3 |       ||    14
       Trog's Hand       |       |       |     1 |     1 |     1 |     5 |     4 |     4 |     2 ||    18
       Brand Weapon With |       |       |       |       |       |       |       |       |     1 ||     1
       Summon Divine War |       |       |       |       |       |       |       |       |     1 ||     1
 Abil: Fly               |       |       |       |       |     1 |       |       |     1 |       ||     2
       Stop Flying       |       |       |       |       |       |       |       |     1 |       ||     1
Evoke: Wand              |       |       |       |       |       |     1 |       |       |       ||     1
  Use: Scroll            |       |       |     6 |     2 |    21 |     6 |     9 |     2 |     7 ||    53
       Potion            |       |       |       |       |       |       |       |     2 |     9 ||    11
 Stab: Distracted        |       |       |       |       |     1 |     4 |     1 |     2 |     1 ||     9
       Petrified         |       |       |       |       |     2 |       |       |       |       ||     2
Armor: Animal skin       |    14 |       |       |       |       |       |       |       |       ||    14
       Acid dragon scale |    24 |    96 |   327 |       |       |       |       |       |       ||   447
       Plate armour      |       |       |    16 |   644 |    23 |   639 |   958 |   834 |   830 ||  3944
       Chain mail        |       |       |       |       |   727 |   179 |       |       |       ||   906
Dodge: Dodged            |    59 |    94 |   337 |   569 |   533 |   641 |   537 |   410 |   752 ||  3932
       Repelled          |       |       |       |       |       |       |    77 |    12 |       ||    89

Table legend:
 A = Non-vault XP
 B = Vault XP
 C = Vault XP percentage of total XP
 D = Non-vault monster count
 E = Vault monster count
 F = Vault count percentage of total count
                 A         B        C        D         E       F
            +---------+---------+-------+---------+---------+-------
      Total |  730336 |  645896 |  46.9 |    1519 |     972 |  39.0
            +---------+---------+-------+---------+---------+-------
        D:1 |      34 |       0 |   0.0 |      18 |       0 |   0.0
        D:2 |      80 |     378 |  82.5 |      16 |      21 |  56.8
        D:3 |     120 |      64 |  34.8 |      22 |       9 |  29.0
        D:4 |     437 |       2 |   0.5 |      15 |       1 |   6.2
        D:5 |     805 |       0 |   0.0 |      32 |       0 |   0.0
        D:6 |     726 |       0 |   0.0 |      16 |       0 |   0.0
        D:7 |    1122 |       0 |   0.0 |      20 |       0 |   0.0
        D:8 |     896 |     189 |  17.4 |      17 |       7 |  29.2
        D:9 |    2057 |    1015 |  33.0 |      19 |       5 |  20.8
       D:10 |    2639 |    1430 |  35.1 |      22 |      10 |  31.2
       D:11 |    1583 |    1354 |  46.1 |      38 |       9 |  19.1
       D:12 |    3611 |     446 |  11.0 |      23 |       1 |   4.2
       D:13 |    5512 |    8216 |  59.8 |      22 |      28 |  56.0
       D:14 |   14019 |    1704 |  10.8 |      37 |       1 |   2.6
       D:15 |   15473 |    2364 |  13.3 |      38 |       3 |   7.3
     Lair:1 |    5620 |       0 |   0.0 |      24 |       0 |   0.0
     Lair:2 |    4750 |    5642 |  54.3 |      14 |       7 |  33.3
     Lair:3 |    1821 |     262 |  12.6 |       6 |       1 |  14.3
     Lair:4 |    6753 |    1166 |  14.7 |      27 |       9 |  25.0
     Lair:5 |   11587 |    2605 |  18.4 |      38 |       6 |  13.6
     Lair:6 |   17317 |   13956 |  44.6 |      52 |      67 |  56.3
   Shoals:1 |   14337 |       0 |   0.0 |      32 |       0 |   0.0
   Shoals:2 |   11663 |    5980 |  33.9 |      25 |       5 |  16.7
   Shoals:3 |    7671 |     595 |   7.2 |      17 |       1 |   5.6
   Shoals:4 |   15200 |   15335 |  50.2 |      31 |      24 |  43.6
    Snake:1 |   13474 |       0 |   0.0 |      26 |       0 |   0.0
    Snake:2 |   16097 |   20883 |  56.5 |      34 |      28 |  45.2
    Snake:3 |   10995 |   18919 |  63.2 |      27 |      27 |  50.0
    Snake:4 |   25907 |   42495 |  62.1 |      50 |      66 |  56.9
      Orc:1 |    2650 |       0 |   0.0 |      11 |       0 |   0.0
      Orc:2 |    1898 |   13228 |  87.5 |      29 |      67 |  69.8
      Elf:1 |   25093 |    6653 |  21.0 |      44 |      11 |  20.0
      Elf:2 |   14903 |   31804 |  68.1 |      22 |      35 |  61.4
      Elf:3 |   16722 |   35941 |  68.2 |      30 |      24 |  44.4
   Vaults:1 |   31018 |    1281 |   4.0 |      48 |       2 |   4.0
   Vaults:2 |   42428 |   22820 |  35.0 |      75 |      34 |  31.2
   Vaults:3 |   12058 |   23609 |  66.2 |      28 |      27 |  49.1
   Vaults:4 |   20363 |   20002 |  49.6 |      32 |      29 |  47.5
    Crypt:1 |   28606 |       0 |   0.0 |      50 |       0 |   0.0
    Crypt:2 |   24228 |     445 |   1.8 |      33 |       2 |   5.7
    Crypt:3 |       0 |   65945 | 100.0 |       0 |      90 | 100.0
     Tomb:1 |    4904 |   50618 |  91.2 |      15 |      43 |  74.1
     Tomb:2 |   11947 |   46021 |  79.4 |      20 |      40 |  66.7
   Depths:1 |   18443 |   19773 |  51.7 |      35 |      17 |  32.7
   Depths:2 |   53054 |   34701 |  39.5 |      62 |      23 |  27.1
   Depths:3 |   57392 |   31898 |  35.7 |      69 |      32 |  31.7
   Depths:4 |   61926 |   16148 |  20.7 |      58 |      12 |  17.1
   Depths:5 |   42369 |   25303 |  37.4 |      32 |      20 |  38.5
       Hell |   33185 |   24803 |  42.8 |      39 |      42 |  51.9
      Tar:1 |    5991 |       0 |   0.0 |      10 |       0 |   0.0
    Abyss:3 |    7929 |     262 |   3.2 |      14 |       1 |   6.7
    Ossuary |       0 |     693 | 100.0 |       0 |      14 | 100.0
     Bailey |       0 |    2804 | 100.0 |       0 |      18 | 100.0
     WizLab |     923 |   20648 |  95.7 |       5 |      40 |  88.9
   Gauntlet |       0 |    5496 | 100.0 |       0 |      13 | 100.0
            +---------+---------+-------+---------+---------+-------
